 Dungeon Crawl Stone Soup version 0.24.0-123-gd5b16e6ec5 (webtiles) character file.

Game seed: 16664495624976448045, levelgen mode: deterministic

1439 HoboStank the Skirmisher (level 8, -8/105 HPs)
             Began as a Hill Orc Berserker on Feb 2, 2020.
             Was a Priest of Trog.
             Mangled by an ice beast (13 damage)
             ... on level 6 of the Dungeon.
             The game lasted 00:15:11 (5850 turns).

HoboStank the Skirmisher (Hill Orc Berserker)       Turns: 5850, Time: 00:15:11

Health: -8/105     AC:  3    Str: 26    XL:     8   Next: 74%
Magic:  8/8        EV: 13    Int:  6    God:    Trog [***...]
Gold:   202        SH:  0    Dex: 11    Spells: 7/7 levels left

rFire    . . .     SeeInvis .   u - +3 quarterstaff (chaos)
rCold    . . .     Gourm    .   (shield currently unavailable)
rNeg     + . .     Faith    .   (no armour)
rPois    +         Spirit   .   (no helmet)
rElec    .         Reflect  .   D - +2 ratskin cloak {+Rats rPois rN+ Str-1 Int-1 Dex+1}
rCorr    .         Harm     .   (no gloves)
MR       .....                  (no boots)
Stlth    ..........             (no amulet)
HPRegen  0.27/turn              (no ring)
MPRegen  0.11/turn              (no ring)

@: berserking, very quick
A: no striking features
a: Berserk, Trog's Hand, Renounce Religion, Evoke Ratskin


You were on level 6 of the Dungeon.
You worshipped Trog.
Trog was most pleased with you.
You were not hungry.

You visited 1 branch of the dungeon, and saw 6 of its levels.

You collected 202 gold pieces.

Inventory:

Hand Weapons
 a - a +0 hand axe
 p - a +1 falchion of draining
 r - a +3 short sword
 u - a +3 quarterstaff of chaos (weapon)
 A - a +2 trident of distortion
Armour
 D - the +2 ratskin cloak (worn) {+Rats rPois rN+ Str-1 Int-1 Dex+1}
   (You found it on level 5 of the Dungeon)

   It affects your strength (-1).
   It affects your intelligence (-1).
   It affects your dexterity (+1).
   It protects you from poison.
   It protects you from negative energy.
Jewellery
 f - a +2 amulet of reflection {unknown}
 g - a cursed amulet of inaccuracy {unknown}
 y - a cursed ring of ice {unknown}
Wands
 o - a wand of flame (43)
 w - a wand of acid (14)
 C - a wand of digging (4)
Scrolls
 b - a scroll of fear {unknown}
 h - 2 scrolls of noise
 j - a scroll of fog
 k - 2 scrolls of identify
 l - 3 scrolls of remove curse {unknown}
 m - 2 scrolls of amnesia {unknown}
 n - a scroll of random uselessness {unknown}
 v - 5 scrolls of teleportation {unknown}
 B - a scroll of enchant armour {unknown}
Potions
 d - 2 potions of heal wounds {unknown}
 e - 5 potions of degeneration {unknown}
 i - 2 potions of curing {unknown}
 q - a potion of ambrosia {unknown}
 s - 3 potions of berserk rage {unknown}
 t - 2 potions of brilliance {unknown}
 x - a potion of might {unknown}
 z - a potion of agility {unknown}


   Skills:
 + Level 6.3 Fighting
 + Level 0.1 Long Blades
 + Level 5.9 Axes
 + Level 6.2 Staves
 + Level 4.9 Armour
 + Level 3.3 Dodging
 + Level 0.7 Stealth


You had 7 spell levels left.
You didn't know any spells.
Your spell library contained the following spells:

 Spells                   Type           Power        Failure   Level  Hunger
 Magic Dart               Conj           #...         45%         1    ##.....
 Searing Ray              Conj           #.....       58%         2    ###....
 Dazzling Spray           Conj/Hex       #.....       83%         3    ####...
 Cause Fear               Hex            #.........   99%         4    #####..
 Force Lance              Conj/Tloc      #.......     99%         4    #####..
 Fulminant Prism          Conj/Hex       #.........   99%         4    #####..
 Iskenderun's Mystic Bla  Conj           #.......     99%         4    #####..
 Silence                  Hex/Air        #.........   100%        5    ######.
 Yara's Violent Unravell  Hex/Tmut       #.........   100%        5    ######.
 Deflect Missiles         Chrm/Air       #.........   100%        6    #######
 Discord                  Hex            #.........   100%        8    #######


Dungeon Overview and Level Annotations

Branches:
Dungeon (6/15)             Temple (0/1) D:6

Altars:
Elyvilon
Fedhas
Gozag
Makhleb
Wu Jian
Xom

Shops:
D:4 (   D:5 }

Annotations:
D:6 Eustachio


Message History

Found a robe and a scroll of identify.
Found 8 gold pieces.
Found an inconspicuous book.
Found an escape hatch in the ceiling.
Found a staircase to the Ecumenical Temple.
Found a rapier.
You barely miss the ice beast. The ice beast closely misses you.
A red film seems to cover your vision as you go berserk!
You feel yourself moving faster!
You feel mighty!
You feel quite a bit more hungry. The ice beast barely misses you.
Eustachio casts a spell.
You closely miss the ice beast. The ice beast hits you.
* * * LOW HITPOINT WARNING * * *
The ice beast freezes you!
* * * LOW HITPOINT WARNING * * *
You barely miss the ice beast.
Eustachio gestures wildly while chanting.
The ice beast hits you.
* * * LOW HITPOINT WARNING * * *
The ice beast freezes you!
You die...

#...5)@## #.....
#.####..##...... #:.
##..S.# #.> # ###5######
#$.)# #.......### #.#.
##.#####<.## #.. ##..#
##... #.# ##..## ####
#@###..## #
######Y##..## #
#[...b@r....##
#.?..5.5......########
............<..)†....###
................####...#
<..............## ###..
...............# ###
...............#


You could see Eustachio, an ice beast, a quasit, a shadow imp, a bat and a rat.

Vanquished Creatures
  2 phantoms
  4 ogres
  2 centaurs (D:5)
  2 scorpions
  A water moccasin skeleton (D:5)
  3 hounds
  Crazy Yiuf (D:2)
  2 orc priests
  Terence (D:2)
  A hell rat (D:5)
  An iguana (D:4)
  An orc wizard (D:3)
  3 worker ants (D:5)
  A hound skeleton (D:5)
  4 gnolls (D:6)
  4 adders
  6 river rats (D:5)
  A shadow imp (D:5)
  An ooze (D:3)
  An adder skeleton (D:5)
  4 worms
  3 dart slugs (D:1)
  A leopard gecko (D:1)
  10 orcs
  A ball python (D:5)
  6 bats
  3 giant cockroaches
  7 goblins
  7 hobgoblins
  14 jackals
  10 kobolds
  3 quokkas
  2 frilled lizards
  A jackal zombie (D:6)
  A quokka skeleton (D:4)
  22 rats
  2 fungi (D:2)
139 creatures vanquished.

Notes
Turn   | Place    | Note
-------+----------+-------------------------------------------
     0 | D:1      | HoboStank the Hill Orc Berserker began the quest for the
                  | Orb.
     0 | D:1      | Reached XP level 1. HP: 19/19 MP: 1/1
   133 | D:1      | Reached XP level 2. HP: 27/27 MP: 2/2
   360 | D:1      | Reached XP level 3. HP: 29/33 MP: 3/3
   758 | D:2      | Reached skill level 5 in Axes
   764 | D:2      | Found an opulent altar of Gozag.
   773 | D:2      | Noticed Terence
   786 | D:2      | Killed Terence
   786 | D:2      | Reached XP level 4. HP: 27/40 MP: 4/4
  1344 | D:2      | Found a runed translucent door.
  1345 | D:2      | Noticed Crazy Yiuf
  1409 | D:2      | Killed Crazy Yiuf
  1551 | D:2      | Reached ** piety under Trog
  1613 | D:2      | Reached XP level 5. HP: 47/47 MP: 5/5
  1896 | D:3      | Found a burning altar of Makhleb.
  2042 | D:3      | Reached skill level 1 in Staves
  2236 | D:3      | Found a blossoming altar of Fedhas.
  2398 | D:3      | Reached XP level 6. HP: 53/53 MP: 6/6
  2757 | D:4      | Found Ruesi's Weapon Boutique.
  2823 | D:4      | Noticed a phantom
  2853 | D:4      | Killed a phantom
  2853 | D:4      | Reached skill level 5 in Fighting
  3009 | D:4      | Found an ornate altar of the Wu Jian Council.
  3075 | D:4      | Reached XP level 7. HP: 61/61 MP: 7/7
  3224 | D:5      | Entered Level 5 of the Dungeon
  3713 | D:5      | Found a white marble altar of Elyvilon.
  3726 | D:5      | Reached skill level 5 in Staves
  3726 | D:5      | Reached XP level 8. HP: 17/70 MP: 8/8
  4621 | D:5      | Found a shimmering altar of Xom.
  4622 | D:5      | Found a shimmering altar of Xom.
  4628 | D:5      | Reached *** piety under Trog
  4909 | D:5      | Found the +2 ratskin cloak {+Rats rPois rN+ Str-1 Int-1
                  | Dex+1}
  5301 | D:5      | Found Zoege's Gadget Boutique.
  5825 | D:6      | Noticed Eustachio
  5844 | D:6      | Found a staircase to the Ecumenical Temple.
  5850 | D:6      | HP: 5/105 [ice beast (4)]
  5850 | D:6      | Mangled by an ice beast

Levels and vault maps discovered:
D:1:      wander_arrival_chamber, layout_loops_cross
D:2:      layout_loops_ring, lemuel_round_altar, first_ration, uniq_terence,
          uniq_crazy_yiuf_cottage
D:3:      layout_loops_cross, old_standard_altar, minmay_misc_feat_nine_boxes,
          fedhas_ov_isle_minmay
D:4:      layout_rooms, marbit_many_paths, serial_shops,
          nicolae_shop_temple_entry_statues_fountains
D:5:      wander_guarded_unrand_ratskin, layout_loops_ring, elyvilon_altar_3,
          serial_shops, kennysheep_mini_moat, chequers_hall_statues_wall_a,
          xom_redecorated
D:6:      layout_rooms, minitemple, nicolae_tso_besieged_by_evil,
          minmay_temple_entry_offerings, gammafunk_ghost_smash,
          grunt_dithmenos_shadows, uniq_eustachio

Skill      XL: |  1  2  3  4  5  6  7  8 |
---------------+-------------------------+-----
Fighting       | 4 5 6 |  6.3
Axes           | 5 |  5.9
Armour         | 3 4 |  4.9
Dodging        | 2 3 |  3.3
Staves         | 2 3 5 6 |  6.2
Long Blades    | |  0.1
Stealth        | |  0.7

Action                   |  1- 3 |  4- 6 |  7- 9 || total
-------------------------+-------+-------+-------++-------
Melee: Hand axe          |    88 |       |       ||    88
       Short sword       |       |    41 |       ||    41
       Falchion          |       |    13 |       ||    13
       Quarterstaff      |       |   120 |   186 ||   306
Invok: Berserk           |     1 |     2 |     2 ||     5
       Trog's Hand       |       |       |     4 ||     4
  Use: Scroll            |       |     4 |     1 ||     5
 Stab: Confused          |       |     1 |       ||     1
  Eat: Ration            |       |     3 |     4 ||     7
Armor: Ring mail         |     2 |       |       ||     2
       Animal skin       |     1 |       |       ||     1
       Chain mail        |    45 |    81 |     4 ||   130
       Skin              |       |       |     9 ||     9
Dodge: Dodged            |    36 |    76 |   115 ||   227
       Rpst.: Falchion   |       |     4 |       ||     4
